[Event "44th Chess Olympiad Open 2022"]
[Site "Chennai"]
[Date "2022.08.05"]
[Round "7.20"]
[White "Koykka, Pekka"]
[Black "Rasmussen, Allan Stig"]
[Result "1/2-1/2"]
[ECO "B48"]
[WhiteElo "2361"]
[BlackElo "2550"]
[Annotator "TA"]
[PlyCount "118"]
[EventDate "2022.07.29"]
[EventType "team-tourn"]
[EventCountry "IND"]
[SourceTitle "playchess.com"]
[Source "ChessBase"]
[SourceQuality "1"]
[WhiteTeam "Finland"]
[BlackTeam "Denmark"]
[WhiteTeamCountry "FIN"]
[BlackTeamCountry "DEN"]
[TimeControl "40/5400+30:1800+30"]

1. e4 c5 2. Nf3 e6 3. d4 cxd4 4. Nxd4 Nc6 5. Nc3 Qc7 6. Be3 a6 7. Bd3 Nf6 8. O-O Ne5 9. Nf3 Nfg4 {[%emt 0:19:12] [#] ( -> ...Nxf3+). B48: Sicilian: Taimanov: 5 Nc3 Qc7 6 Be3 a6 without Be2.} 10. Nxe5 Nxe3 11. Qh5 ({Much weaker is} 11. fxe3 Qxe5 12. Qf3 f6 $15) 11... g6 12. Qf3 Qxe5 (12... Nxf1 $2 13. Qxf7+ Kd8 14. Qf6+ Ke8 15. Qxh8 $18) 13. fxe3 f6 14. Qxf6 Qxf6 15. Rxf6 Bg7 16. Rf3 b5 17. Raf1 Bb7 18. Nd1 {[%emt 0:01:55] [#]} (18. Rf7 {seems wilder.} Be5 19. Ne2 Bxb2 20. Nd4) 18... Rc8 $146 ({Predecessor:} 18... Be5 19. c3 g5 20. Rh3 h5 21. g4 hxg4 22. Rxh8+ Bxh8 23. Nf2 Ke7 24. Nxg4 Bg7 {1-0 (50) De la Paz Perdomo,F (2473)-Gonzalez Garcia,J (2511) Toluca 2011}) 19. c3 Rf8 20. a3 Ke7 21. Nf2 Rc5 22. Rxf8 Bxf8 23. Re1 Bg7 24. Be2 a5 25. Bf3 Rc4 26. Be2 Rc5 27. Bf3 Rc7 28. Nd3 Ba6 {[%emt 0:02:39][%cal Ob5b4] Strongly threatening ...b4! A strong pair of Bishops.} 29. Rd1 b4 30. axb4 Bxd3 31. Rxd3 axb4 32. cxb4 $11 {[%emt 0:04:19][%mdl 4096] Endgame KRB-KRB} Rc1+ 33. Bd1 Bxb2 34. Kf2 Be5 35. g3 Rb1 36. Ba4 Rb2+ 37. Kg1 d6 38. Rb3 Ra2 39. Bc6 Kd8 40. b5 Kc7 41. Be8 Kb6 42. Bf7 Ra5 43. Bxe6 Rxb5 44. Kg2 Rxb3 45. Bxb3 {[%emt 0:00:05] KB-KB} Kc7 46. Bg8 h6 47. Kf3 Kd8 48. Bh7 g5 49. Kg4 Ke7 50. Kh5 Kf6 51. Kxh6 Bc3 52. h4 gxh4 53. gxh4 Bd2 54. Bg8 Bxe3+ 55. Kh7 Bf4 {[%emt 0:02:00] The position is equal.} 56. Bd5 Be3 57. h5 Bf4 58. h6 Be3 59. Bc4 Ke5 {[%emt 0:00:07] Weighted Error Value: White=0.04 (flawless) /Black=0.03 (flawless)} 1/2-1/2

[Event "44th Chess Olympiad Open 2022"]
[Site "Chennai"]
[Date "2022.08.05"]
[Round "7.21"]
[White "Pultinevicius, Paulius"]
[Black "Gong, Qianyun"]
[Result "1-0"]
[ECO "D46"]
[WhiteElo "2539"]
[BlackElo "2275"]
[Annotator "TA"]
[PlyCount "63"]
[EventDate "2022.07.29"]
[EventType "team-tourn"]
[EventCountry "IND"]
[SourceTitle "playchess.com"]
[Source "ChessBase"]
[SourceQuality "1"]
[WhiteTeam "Lithuania"]
[BlackTeam "SGP"]
[WhiteTeamCountry "LTU"]
[TimeControl "40/5400+30:1800+30"]

1. d4 d5 2. c4 c6 3. Nc3 Nf6 4. e3 e6 5. Nf3 Nbd7 6. Qc2 Bd6 7. Bd3 O-O 8. O-O dxc4 9. Bxc4 b5 10. Be2 Bb7 11. e4 {[%emt 0:02:11] is cutting edge theory.} e5 12. dxe5 {[%emt 0:00:11] D46: Semi-Slav: 5 e3 Nbd7 6 Bd3, Black avoids the Meran.} Nxe5 13. Nd4 Neg4 14. Nf5 {[%emt 0:01:16] The position is equal.} Bxh2+ 15. Kh1 Bb8 {[%emt 0:00:47] And now ...g6 would win.} 16. Bg5 Qc7 (16... Bc8 $1 $11) 17. f4 $16 {[%emt 0:02:24] [#] e5 is the strong threat. Active counter play! White stays focused until the end.} Bc8 $146 (17... h6 $16 18. Bxf6 Nxf6) ({Predecessor:} 17... b4 18. e5 bxc3 19. exf6 gxf6 20. Qxc3 Ne5 21. Bxf6 {1-0 (21) Mendonca,L (2549)-Salimova,N (2395) chess24.com INT 2021}) 18. e5 $18 Bxf5 19. Qxf5 Ne3 $2 {[%emt 0:00:21] [#]} (19... g6 20. Qb1 Qc8 21. exf6 h6) 20. Qh3 $1 Nfd5 (20... Nfg4 21. Bxg4) 21. Bd3 g6 22. Nxd5 Nxd5 23. Rae1 {[%emt 0:00:18][%cal Ba1e1,Be1e6,Be6g6][%mdl 32] Threatens to win with Qh6.} f5 24. exf6 Nxf6 25. Re6 Nh5 {[%emt 0:00:00] [#]} 26. Bxg6 $1 {[%emt 0:00:18][%mdl 576] Demolition} hxg6 (26... Ng3+ 27. Qxg3) 27. Rxg6+ Ng7 28. Re1 {[%emt 0:00:16] White threatens Qb3+ and mate.} Rxf4 29. Bxf4 Qxf4 30. Re8+ Kf7 {[%emt 0:00:04] [#]} 31. Rxg7+ $1 Kxe8 (31... Kxg7 32. Qh8+) 32. Qc8# {[%emt 0:00:07] Weighted Error Value: White=0.04 (flawless) /Black=1.44} 1-0

[Event "44th Chess Olympiad Open 2022"]
[Site "Chennai"]
[Date "2022.08.05"]
[Round "7.21"]
[White "Stremavicius, Titas"]
[Black "Goh, Wei Ming Kevin"]
[Result "1-0"]
[ECO "A22"]
[WhiteElo "2532"]
[BlackElo "2453"]
[Annotator "TA"]
[PlyCount "95"]
[EventDate "2022.07.29"]
[EventType "team-tourn"]
[EventCountry "IND"]
[SourceTitle "playchess.com"]
[Source "ChessBase"]
[SourceQuality "1"]
[WhiteTeam "Lithuania"]
[BlackTeam "SGP"]
[WhiteTeamCountry "LTU"]
[TimeControl "40/5400+30:1800+30"]

1. c4 e5 2. Nc3 Nf6 3. Nf3 e4 4. Ng5 c6 5. Ngxe4 Nxe4 6. Nxe4 {[%emt 0:00:09] A22: English Opening: 1...e5 2 Nc3 Nf6.} d5 7. cxd5 cxd5 8. Ng3 {[%emt 0:00:09] White is slightly better.} (8. Qa4+ $2 Bd7 9. Qd4 dxe4 10. Qxe4+ Be7 $19) 8... h5 9. e3 h4 10. Ne2 Nc6 11. d4 {[%emt 0:05:16] [#]} Qf6 $146 ({Predecessor:} 11... Bf5 12. Bd2 h3 13. Qb3 Qd7 14. Nf4 Bd6 15. Nxh3 O-O 16. Bd3 Bxh3 17. gxh3 Rac8 18. Qxd5 {½-½ (41) Ding,L (2806)-Tari,A (2654) chess24.com INT 2022}) 12. Nc3 Bd6 13. a3 Qg6 14. h3 ({Worse is} 14. Nxd5 h3 15. g3 Qe4 16. Nf6+ gxf6 $17) ({Better is} 14. Qb3 $16) 14... O-O 15. Qf3 Na5 16. Qxd5 b6 17. Bd2 Bb7 18. Qa2 Rac8 19. b4 Nc6 {[%emt 0:06:54] [#]} (19... Bxg2 $2 20. Rg1 Qe6 21. Qxe6 fxe6 22. Rxg2 $18) 20. Qb1 $1 {aiming for Qxg6.} f5 (20... Qg5 $16) 21. Bc4+ $18 Kh8 {[%emt 0:00:06][%cal Oc6d4] White must now prevent ...Nxd4!} 22. Bd5 Na5 {[%emt 0:00:54] [#] Hoping for ...Bxd5.} 23. Bxb7 ({Inferior is} 23. bxa5 Bxd5 24. Nxd5 Qxg2 $11) 23... Nxb7 24. O-O Bb8 25. Qd3 Nd6 26. Rac1 Ne4 27. f4 Ng3 28. Rfd1 Rce8 29. Be1 Rf7 30. Bf2 Rfe7 31. d5 Bd6 (31... Qh5 $142 32. Rc2 (32. d6 Rd7 $18) 32... Kh7) 32. Nb5 Bb8 33. Nd4 Ne4 34. Bxh4 Rd7 35. Nf3 Qh5 36. Qb5 Rb7 (36... Qf7 {was called for.} 37. Rc2 Kg8) 37. Qa6 Nd6 38. Bf2 Rbe7 39. Ng5 Rd7 40. a4 Red8 41. Rd2 Qe8 42. Rdc2 Qe7 43. Qe2 {[%emt 0:00:00] Threatening mate with Qh5+.} g6 {[%emt 0:00:41] Against Qh5+} 44. Rc5 $2 Re8 $2 (44... bxc5 $14 45. bxc5 Rc8) 45. b5 $4 Qf6 $4 (45... bxc5 $19 46. Qb2+ Qg7) 46. Re1 $4 Kg8 $4 (46... bxc5 $19 47. Qc2 Nf7) 47. Rc3 $4 Qd8 $4 (47... Qxc3 $19 48. g4 Ne4 49. Nxe4 Rxe4) 48. Qd3 {[%emt 0:00:00] Weighted Error Value: White=0.46/Black=0.61} 1-0

[Event "44th Chess Olympiad Open 2022"]
[Site "Chennai"]
[Date "2022.08.05"]
[Round "7.21"]
[White "Siddharth, Jagadeesh"]
[Black "Juksta, Karolis"]
[Result "1/2-1/2"]
[ECO "C02"]
[WhiteElo "2426"]
[BlackElo "2412"]
[Annotator "ChessBase"]
[PlyCount "60"]
[EventDate "2022.07.29"]
[EventType "team-tourn"]
[EventCountry "IND"]
[SourceTitle "playchess.com"]
[Source "ChessBase"]
[SourceQuality "1"]
[WhiteTeam "SGP"]
[BlackTeam "Lithuania"]
[BlackTeamCountry "LTU"]
[TimeControl "40/5400+30:1800+30"]

1. e4 e6 2. d4 d5 3. e5 c5 4. c3 Bd7 5. Nf3 Nc6 6. Be2 Nge7 7. O-O Ng6 8. g3 Be7 9. h4 cxd4 10. cxd4 O-O 11. h5 Nh8 12. h6 g6 13. Nc3 f6 14. exf6 Bxf6 15. Be3 Nf7 16. Qd2 Nd6 17. Bd3 Nb4 18. Bf4 Qb6 19. Ne5 Bxe5 20. Bxe5 Nxd3 21. Qxd3 Nf5 22. Qd2 Rac8 23. Rac1 a5 24. Rfe1 Rc4 25. Ne2 Qb4 26. Qg5 Rxc1 27. Rxc1 Qxb2 28. Re1 Qb4 29. Rc1 Qb2 30. Re1 Qb4 1/2-1/2

[Event "44th Chess Olympiad Open 2022"]
[Site "Chennai"]
[Date "2022.08.05"]
[Round "7.22"]
[White "Bogner, Sebastian"]
[Black "Fluvia Poyatos, Jordi"]
[Result "1/2-1/2"]
[ECO "B12"]
[WhiteElo "2545"]
[BlackElo "2451"]
[Annotator "ChessBase"]
[PlyCount "126"]
[EventDate "2022.07.29"]
[EventType "team-tourn"]
[EventCountry "IND"]
[SourceTitle "playchess.com"]
[Source "ChessBase"]
[SourceQuality "1"]
[WhiteTeam "Switzerland"]
[BlackTeam "Andorra"]
[WhiteTeamCountry "SUI"]
[BlackTeamCountry "AND"]
[TimeControl "40/5400+30:1800+30"]

1. e4 c6 2. d4 d5 3. e5 c5 4. Nf3 cxd4 5. Qxd4 Nc6 6. Qf4 e6 7. Nc3 Nb4 8. Bd3 Nxd3+ 9. cxd3 Ne7 10. Ng5 Nf5 11. Nxf7 Kxf7 12. g4 Be7 13. gxf5 exf5 14. Ne2 Be6 15. h4 Qa5+ 16. Kf1 g6 17. Nd4 Qa6 18. Ke2 Rac8 19. Bd2 Qb6 20. Bc3 h6 21. Rag1 Rcg8 22. a3 a6 23. b4 Qc7 24. Kd2 Qd7 25. Qf3 Rc8 26. Qg3 Rhg8 27. Qe3 Qa4 28. Nxe6 Kxe6 29. Qxh6 Rxc3 30. Kxc3 Qxa3+ 31. Kd2 Bxb4+ 32. Ke2 Qb2+ 33. Kf3 Qxe5 34. Rxg6+ Rxg6 35. Qxg6+ Kd7 36. Qb6 Bd6 37. Qxb7+ Ke6 38. Qc8+ Ke7 39. Qc1 Kf7 40. Qg5 d4 41. Qh5+ Kf8 42. Kg2 a5 43. Qf3 a4 44. Qa8+ Ke7 45. Qxa4 Qd5+ 46. Kg1 Qf3 47. Qxd4 Bf4 48. Qg7+ Ke6 49. d4 Kd6 50. Qg8 Kc7 51. h5 Qd3 52. Qf7+ Kd6 53. Qe8 Qd1+ 54. Kg2 Qg4+ 55. Kf1 Qd1+ 56. Qe1 Qf3 57. Qb4+ Kd7 58. Qb5+ Kd8 59. Rh4 Bg3 60. Qa5+ Kd7 61. Qb5+ Kd8 62. Qb6+ Kd7 63. Qb5+ Kd8 1/2-1/2

[Event "44th Chess Olympiad Open 2022"]
[Site "Chennai"]
[Date "2022.08.05"]
[Round "7.22"]
[White "Henderson de La Fuente, Lance"]
[Black "Georgiadis, Nico"]
[Result "1-0"]
[ECO "D30"]
[WhiteElo "2490"]
[BlackElo "2578"]
[Annotator "TA"]
[PlyCount "97"]
[EventDate "2022.07.29"]
[EventType "team-tourn"]
[EventCountry "IND"]
[SourceTitle "playchess.com"]
[Source "ChessBase"]
[SourceQuality "1"]
[WhiteTeam "Andorra"]
[BlackTeam "Switzerland"]
[WhiteTeamCountry "AND"]
[BlackTeamCountry "SUI"]
[TimeControl "40/5400+30:1800+30"]

1. d4 Nf6 2. Nf3 d5 3. c4 e6 4. Bg5 Bb4+ 5. Nbd2 dxc4 6. Qc2 {[%emt 0:13:37] D30: Queen's Gambit Declined: Systems without Nc3.} b5 7. a4 c6 8. Bxf6 {[%emt 0:07:41] The position is equal.} gxf6 (8... Qxf6 9. axb5 O-O 10. e3 $14) 9. g3 Bb7 10. Bg2 a5 11. O-O Nd7 12. b3 cxb3 13. Nxb3 bxa4 14. Rxa4 c5 {[%emt 0:05:43] [#]} (14... Ba6 $142) 15. dxc5 $146 {[%emt 0:04:48] Threatens to win with c6.} ({Predecessor:} 15. Nxc5 Nxc5 16. dxc5 Rc8 17. Rxb4 axb4 18. Qa4+ Bc6 19. Qxb4 O-O 20. Rc1 Rc7 21. Ne1 Bxg2 22. Nxg2 {0-1 (56) Vovk,Y (2550)-Moiseenko,A (2679) Kiev 2011}) 15... Rc8 16. Rd1 {[%emt 0:03:08][%cal Oa4b4] aiming for Rxb4!} Qc7 17. Rc1 O-O ({Don't do} 17... Bxc5 18. Rc4 Bd5 19. Rxc5 Nxc5 20. Nxc5 $16) 18. Nfd4 Bxg2 (18... Bxc5 $2 19. Bxb7 Qxb7 20. Rc4 $16) 19. Kxg2 e5 (19... Qd8 $11 {remains equal.}) 20. Nf3 $16 {[%emt 0:00:18] White is more active.} Rfe8 {[%emt 0:06:05] [#]} 21. Qe4 ({Better is} 21. Qa2 $1 $16) 21... Qc6 $14 22. Qxc6 Rxc6 23. Nxa5 Bxa5 (23... Rxc5 $14 24. Rd1 Rxa5 25. Rxb4 Nc5) 24. Rxa5 $16 h5 25. Nh4 e4 (25... Nf8 $142 26. Nf5 Ne6) 26. Ra7 (26. Nf5 $18) 26... Rxc5 27. Rxc5 Nxc5 {[%emt 0:00:05][%mdl 4096] Endgame KRN-KRN} 28. Nf5 Re5 {[%emt 0:04:44] [#]} (28... Rd8 $16) 29. Nh6+ $1 $18 Kg7 30. Nxf7 Rd5 31. Ng5+ Kg8 $2 {[%emt 0:03:16] This costs Black the game.} (31... Kh6 $16 {was necessary.}) 32. Nh3 h4 33. gxh4 Ne6 34. e3 Rh5 35. Re7 Re5 36. Kg3 {[%emt 0:00:25] Against Nf4} Kf8 37. Ra7 Kg8 38. Kg4 Rb5 39. h5 {[%emt 0:05:29][%cal Bh4h5,Bh5h6,Bh6h7][%mdl 32] Black must now prevent h6.} Ng7 $2 (39... Nc5 40. Kf5 Nd7+ 41. Kxe4 Rxh5) 40. h6 {White is clearly winning.} Nf5 41. h7+ Kh8 42. Kh5 Ne7+ 43. Kh6 {[%emt 0:00:00] Intending Ra8+ and mate.} Nf5+ 44. Kg6 {[%emt 0:00:00] White wants to mate with Ra8+.} Nh4+ 45. Kxf6 {[%emt 0:00:00] Hoping for Ra8+.} Rb6+ 46. Ke5 Nf3+ 47. Kd5 Rh6 48. Nf4 Ng5 49. h4 {[%emt 0:00:00] Weighted Error Value: White=0.09 (flawless) /Black=0.27 (precise)} 1-0

[Event "44th Chess Olympiad Open 2022"]
[Site "Chennai"]
[Date "2022.08.05"]
[Round "7.22"]
[White "Baenziger, Fabian"]
[Black "Ribera Veganzones, Serni"]
[Result "1-0"]
[ECO "E15"]
[WhiteElo "2451"]
[BlackElo "2203"]
[Annotator "TA"]
[PlyCount "47"]
[EventDate "2022.07.29"]
[EventType "team-tourn"]
[EventCountry "IND"]
[SourceTitle "playchess.com"]
[Source "ChessBase"]
[SourceQuality "1"]
[WhiteTeam "Switzerland"]
[BlackTeam "Andorra"]
[WhiteTeamCountry "SUI"]
[BlackTeamCountry "AND"]
[TimeControl "40/5400+30:1800+30"]

1. d4 Nf6 2. c4 e6 3. Nf3 b6 4. g3 Ba6 5. b3 b5 6. cxb5 Bxb5 7. Bg2 Bc6 8. O-O Qc8 {[%emt 0:04:37] E15: Queen's Indian: 4 g3 sidelines, 4 g3 Ba6 and 4 g3 Bb7 early deviations.} 9. Bg5 Ne4 10. Bf4 d6 {[%emt 0:02:19] [#] White is slightly better.} 11. Nfd2 $146 ({Predecessor:} 11. Qd3 Qb7 12. Rc1 Nd7 13. Rxc6 Qxc6 14. Ng5 f5 15. Nxe6 Rc8 16. d5 Qb6 17. Bxe4 {1-0 (24) Shneider,A (2532)-Grabinsky,V (2281) Cappelle la Grande 2007}) 11... Nxd2 12. Bxc6+ Nxc6 13. Qxd2 Nd8 14. Nc3 Be7 15. Rac1 {[%emt 0:00:43] And now Nb5 would win.} Qd7 {[%emt 0:00:50] Prevents Nb5.} 16. e4 O-O 17. d5 c6 18. dxc6 Nxc6 19. Rfd1 Rfd8 {[%emt 0:03:27] [#]} 20. Nb5 $1 Bf8 (20... e5 $142) 21. Qc3 $16 {[%emt 0:03:24] 0x0.002098c22294dp-1022s more active pieces.} ({Of course not} 21. Nxd6 e5 22. Qd5 Nd4 23. Rxd4 exd4 $11) ({But not} 21. Bxd6 $6 a6 22. Bf4 (22. Nc7 Rac8 $17) 22... Qxd2 23. Rxd2 Rxd2 24. Bxd2 axb5 $14) 21... Ne5 (21... Rab8 $16 {was worth a try.}) 22. Nc7 $18 Rac8 (22... Rab8 23. Bxe5 Rdc8) 23. Bxe5 Qe7 24. Bf4 {[%emt 0:01:35] Weighted Error Value: White=0.03 (flawless) /Black=0.35} 1-0

[Event "44th Chess Olympiad Open 2022"]
[Site "Chennai"]
[Date "2022.08.05"]
[Round "7.22"]
[White "De La Riva Aguado, Oscar"]
[Black "Pelletier, Yannick"]
[Result "1-0"]
[ECO "C00"]
[WhiteElo "2424"]
[BlackElo "2551"]
[Annotator "TA"]
[PlyCount "139"]
[EventDate "2022.07.29"]
[EventType "team-tourn"]
[EventCountry "IND"]
[SourceTitle "playchess.com"]
[Source "ChessBase"]
[SourceQuality "1"]
[WhiteTeam "Andorra"]
[BlackTeam "Switzerland"]
[WhiteTeamCountry "AND"]
[BlackTeamCountry "SUI"]
[TimeControl "40/5400+30:1800+30"]

1. e4 c5 2. Nf3 e6 3. d3 d5 4. Qe2 Nf6 5. g3 Be7 6. Bg2 {[%emt 0:00:27] C00: French: Unusual White 2nd moves.} b5 7. O-O O-O 8. e5 {[%emt 0:04:15] The position is equal.} Nfd7 9. h4 Nc6 10. Bg5 a5 11. Nbd2 b4 12. Rfe1 Ba6 13. Qe3 {[%emt 0:08:22] [#]} a4 $146 ({Predecessor:} 13... Rc8 14. Qf4 a4 15. a3 Bb5 16. Bf1 h6 17. Bxe7 Qxe7 18. c4 bxc3 19. bxc3 Na5 {½-½ (26) Rustemov,A (2575)-Kiriakov,P (2495) Nizhnij Novgorod 1998}) 14. Qf4 (14. a3 $11) 14... h6 (14... Bxg5 $17 15. Nxg5 h6) 15. Bxe7 (15. Bxh6 $1 $11 gxh6 16. Qxh6) 15... Qxe7 $15 16. Bh3 Rfc8 17. h5 ({White should play} 17. a3 $15) 17... Nd4 (17... a3 $17 18. b3 (18. bxa3 Bb7 $17) 18... Nf8) 18. Rac1 (18. Nxd4 $11 cxd4 19. Rac1) 18... Rc7 (18... Nxf3+ $15 19. Nxf3 Bb7) 19. g4 (19. Nxd4 $11 {keeps the balance.} cxd4 20. Nf3) 19... Nxf3+ (19... a3 $17 20. b3 Nb5) 20. Nxf3 $11 b3 21. axb3 axb3 22. c4 dxc4 23. dxc4 Bb7 24. Rc3 Bxf3 25. Qxf3 Rd8 26. Rxb3 Nb8 27. Rb6 Rcd7 28. Bf1 Rd4 29. Re4 Qc7 (29... Rd2 $11) 30. Rxd4 $14 Qxb6 31. Rxd8+ Qxd8 {[%emt 0:00:02][%mdl 4096] Endgame KQB-KQN} 32. Qe4 (32. Be2 $14) 32... Nd7 (32... Qd1 $11) 33. f4 (33. Qd3 $1 $14) 33... Qh4 34. Be2 Qg3+ 35. Kf1 Qb3 ({Black should try} 35... Nb6 $14) 36. Qd3 $16 Qb7 37. Bf3 Qa7 38. Kg2 Nf8 39. Qd2 Qa2 40. Be2 Qa8+ 41. Bf3 Qa2 42. Be2 (42. Qc3 {is more complex.} Qb1 43. b3 Nd7 44. Qe3) 42... Qa8+ $1 43. Kg3 ({Much less strong is} 43. Bf3 Qa2 $16) (43. Kg1 {seems wilder.} Qe4 44. Kf2 Qh1 45. Qe3) 43... Qa1 44. Bf3 Qa2 45. Qc3 Qa1 46. Qe3 (46. Kf2 $16) 46... Qa5 (46... Qxb2 $11 47. Qxc5 Qc3) 47. b3 Qa3 48. Be4 Qa5 49. Kf3 (49. Bd3 $16) 49... Qa1 ({Better is} 49... Qa2 $1 $14) 50. Ke2 {[%emt 0:00:00] Active counter play!} ({Don't blunder} 50. Qxc5 $2 Qh1+ 51. Kf2 Qxe4 $19) 50... Qa2+ 51. Kd1 (51. Ke1 {keeps more tension.} Nd7 52. Bc6 Nf8 53. Bb7) 51... Qa1+ 52. Kc2 Qa2+ 53. Kc1 Qa1+ 54. Bb1 Nd7 55. Qd2 Nf8 56. Kc2 Qa8 57. Qf2 Nd7 58. Kb2 Qa5 59. Qe3 {[%emt 0:00:00] [#] Hoping for Qd3.} Qb6 $2 {[%emt 0:01:46][%mdl 8192] A mistake that costs the game.} (59... Kf8 $16 60. Bc2 Qb4) 60. Qd2 $18 Nf8 61. Qd6 Qa5 (61... Qxd6 $142 62. exd6 Nd7) 62. Bc2 Qa7 63. g5 Qa5 64. g6 fxg6 65. hxg6 {[%emt 0:00:00] f5 would kill now.} h5 66. Qe7 {[%emt 0:00:00] White mates.} Qa8 {[%emt 0:00:09] [#]} 67. Be4 $1 Qc8 (67... Qb8 68. Bc6) 68. f5 exf5 69. Bd5+ Kh8 70. Qg5 {[%emt 0:00:00] Weighted Error Value: White=0.19 (very precise) /Black=0.30} 1-0

[Event "44th Chess Olympiad Open 2022"]
[Site "Chennai"]
[Date "2022.08.05"]
[Round "7.23"]
[White "Amin, Bassem"]
[Black "Baburin, Alexander"]
[Result "1-0"]
[ECO "B03"]
[WhiteElo "2680"]
[BlackElo "2400"]
[Annotator "TA"]
[PlyCount "64"]
[EventDate "2022.07.29"]
[EventType "team-tourn"]
[EventCountry "IND"]
[SourceTitle "playchess.com"]
[Source "ChessBase"]
[SourceQuality "1"]
[WhiteTeam "Egypt"]
[BlackTeam "Ireland"]
[WhiteTeamCountry "EGY"]
[BlackTeamCountry "IRL"]
[TimeControl "40/5400+30:1800+30"]

1. e4 Nf6 2. e5 Nd5 3. d4 d6 4. c4 Nb6 5. f4 Bf5 6. Nc3 e6 7. Nf3 Be7 8. Be3 O-O 9. Be2 dxe5 10. fxe5 Nc6 11. O-O f6 12. exf6 Bxf6 13. Qd2 h6 {[%emt 0:01:06] B03: Alekhine's Defence: Four Pawns Attack.} 14. Rad1 Qe8 15. Bf2 {[%emt 0:36:39] [#]} Bg4 $146 {[%emt 0:05:33] White is slightly better.} ({Predecessor:} 15... Rd8 16. Qe3 Bg4 17. Ne4 Bxf3 18. Nxf6+ Rxf6 19. gxf3 Ne7 20. Qe4 Ng6 21. Bg3 c6 {½-½ (34) Packroff,H (2155)-Eigenmann,W (2135) ICCF email 2021}) 16. b3 {[%emt 0:04:59] White now steadily converts the win.} Qg6 {[%emt 0:12:43] Prevents Ne4.} 17. Nh4 Bxh4 18. Bxh4 e5 19. dxe5 Nxe5 20. Bg3 (20. Bxg4 $16 Rxf1+ 21. Rxf1 Qxg4 22. Bg3) 20... Rfe8 (20... Rxf1+ $1 $14 21. Rxf1 Bxe2 22. Nxe2 (22. Qxe2 Re8 $14) 22... Re8) 21. Bxg4 $16 Nxg4 22. Rfe1 {[%emt 0:03:44] Inhibits Ne3.} (22. Bxc7 Ne3 $15) 22... Qf5 23. Nb5 Rxe1+ 24. Rxe1 c6 (24... Rf8 $16 25. h3 (25. Bxc7 a6 $16) 25... Qc5+ 26. Kh1 Nf6 27. Bxc7 (27. Nxc7 Ne4 $16) 27... Qc6) 25. Nd6 $18 {[%emt 0:00:33][%csl LRb7,LRf5] Active counter play!} Qc5+ 26. Kh1 Rf8 27. h3 ({Much less strong is} 27. Nxb7 $6 Nf2+ 28. Bxf2 (28. Kg1 Nh3+ 29. Kh1 Nf2+ 30. Bxf2 Qxf2 $16) 28... Qxf2 29. Qxf2 Rxf2) 27... Qh5 28. Nxb7 Qf7 {[%emt 0:00:55][%cal Of7f1] [#] ( -> ...Qf1+!)} 29. hxg4 Qxb7 30. Qd6 {[%emt 0:00:22] Re7 is the strong threat.} Qc8 31. Re6 Re8 32. Rg6 {[%emt 0:01:44] [#] aiming for Be5.} Nd7 {[%emt 0:00:31] Prevents Be5.  Weighted Error Value: White=0.11 (very precise) /Black=0.24 (precise)} 1-0

[Event "44th Chess Olympiad Open 2022"]
[Site "Chennai"]
[Date "2022.08.05"]
[Round "7.23"]
[White "Murphy, Conor E"]
[Black "Fawzy, Adham"]
[Result "1-0"]
[ECO "B30"]
[WhiteElo "2404"]
[BlackElo "2471"]
[Annotator "TA"]
[PlyCount "95"]
[EventDate "2022.07.29"]
[EventType "team-tourn"]
[EventCountry "IND"]
[SourceTitle "playchess.com"]
[Source "ChessBase"]
[SourceQuality "1"]
[WhiteTeam "Ireland"]
[BlackTeam "Egypt"]
[WhiteTeamCountry "IRL"]
[BlackTeamCountry "EGY"]
[TimeControl "40/5400+30:1800+30"]

1. e4 c5 2. Nf3 Nc6 3. Nc3 Nf6 4. Bb5 Nd4 5. e5 Nxb5 6. Nxb5 Nd5 7. O-O a6 8. c4 Nb4 {[%emt 0:11:20] B30: Sicilian: 2...Nc6 3 Bb5, lines without ...g6.} 9. Nc3 g6 (9... d6 $1 $11) 10. Ne4 {[%emt 0:14:56] [#]} (10. d4 $16) 10... Bg7 $146 {[%emt 0:03:42] The position is equal.} ({Predecessor:} 10... b6 11. d4 cxd4 12. Bg5 Bg7 13. Nd6+ Kf8 14. Qb3 {1-0 (14) Vittal,S (1961)-Ruiz Villalba,A (1757) Charlotte 2020}) 11. Nxc5 O-O 12. d4 d6 13. exd6 exd6 14. Nd3 Qb6 15. Qb3 a5 16. Be3 $36 {[%emt 0:06:12][%mdl 2048] White has some pressure.} Bg4 17. d5 Qd8 18. Nxb4 Bxf3 {[%emt 0:00:47] [#]} 19. Nc2 $1 (19. gxf3 $6 axb4 20. Kg2 (20. Qxb4 Be5 $11) 20... Be5 $11) 19... Be4 20. Nd4 Be5 21. h3 Qh4 22. Nb5 (22. Qxb7 $6 Rab8 23. Qd7 Rxb2 $11) 22... g5 {[%emt 0:04:55] Prevents f4.} 23. Rad1 g4 24. Bd4 gxh3 (24... Bf3 $16) 25. Qxh3 $18 Qxh3 26. gxh3 Bf3 27. Rde1 Bf4 28. Be3 Be5 29. Bd4 Bf4 30. Be3 Be5 {[%emt 0:00:02] A strong pair of Bishops.} 31. Bh6 {[%emt 0:00:49] Strongly threatening Re3.} Rfc8 32. Re3 Bh5 33. b3 (33. f4 Bxb2 34. Rb1 (34. Nxd6 Bd4 $16) 34... Bf6 35. Rg3+ (35. Nxd6 Bd4 $16) 35... Kh8 $18) 33... Kh8 34. f4 Bf6 35. Kh2 ({Not} 35. Nxd6 Bd4 $18) 35... a4 36. Nxd6 Rd8 37. Rfe1 {[%emt 0:01:02] And now Re8+ would win.} axb3 {[%emt 0:00:25] [#]} 38. axb3 {[%emt 0:00:44] Hoping for Re8+.} Rg8 (38... Bd4 39. Re8+) 39. Bg5 ({And not} 39. Nxb7 Bd4 $11) 39... Ra2+ 40. Kh1 Bxg5 41. fxg5 Rxg5 42. Rg1 Rxg1+ 43. Kxg1 {[%emt 0:00:24] KRB-KRN. White is clearly winning.} Kg7 44. Nxb7 f5 45. Nc5 Kf6 46. Nd3 Kg5 47. d6 f4 48. d7 {[%emt 0:00:54] Weighted Error Value: White=0.23 (precise) /Black=0.30} 1-0